AoeStats
← [La14]FerMar

MegaRandom

507879705Analyzed
4v4 RM · 13d ago on Sep 20, 2026· 54m 39s· 8 players
Game mode
Random Map
Map size
Large (8 player)
Population
200
Speed
Normal
Resources
Standard
Victory
Conquest
Starting age
Dark Age
Ending age
Imperial Age
RankedLock teamsTeams togetherTeam positionsShared explorationLock speedFull tech treeHidden civsTurbo modeCheats
Victory
Defeat
🇺🇸 Vietnamese · United States
1240
+15
🇲🇽 Mongols · Mexico
1209
+16
🇲🇽 Gurjaras · Mexico
1199
+17
🇸🇻 Mapuche · El Salvador
1198
+17
🇨🇴 Mongols · Colombia
1440
-25
🇦🇷 Vietnamese · Argentina
1201
-16
🇦🇷 Magyars · Argentina
1129
-29
🇦🇷 Persians · Argentina
1082
-11
arky8a
5:45 Loom
12:34 Feudal Age
18:12 Castle Age
16:55 Fletching
18:57 Bloodlines
19:40 Medium Warships
19:42 Bodkin Arrow
23:24 Scale Barding Armor
23:30 Forging
28:55 Horse Collar
29:32 Town Watch
33:33 Double-Bit Axe
34:10 Heavy Plow
35:42 Bow Saw
35:26 Gold Mining
35:32 Stone Mining
37:16 Wheelbarrow
37:27 Gold Shaft Mining
37:36 Stone Shaft Mining
41:26 Imperial Age
40:13 Hand Cart
40:25 Husbandry
40:47 Chain Barding Armor
41:03 Iron Casting
41:43 Masonry
41:56 Ballistics
43:18 Chemistry
44:50 Padded Archer Armor
44:51 Bracer
45:17 Frontier Guards
45:18 Conscription
46:23 Leather Archer Armor
45:55 Treadmill Crane
46:48 Architecture
45:47 Light Cavalry
46:20 Elite Elephant Archer
47:16 Thumb Ring
54:04 Murder Holes
54:56 Plate Barding Armor
CapitanRexMx
5:46 Loom
10:25 Feudal Age
11:05 Double-Bit Axe
15:10 Bloodlines
18:30 Scale Barding Armor
20:39 Horse Collar
22:09 Forging
26:20 Castle Age
24:26 Gold Mining
26:51 Light Cavalry
27:33 Husbandry
27:56 Chain Barding Armor
32:38 Pikeman
35:25 Wheelbarrow
34:35 Town Watch
37:45 Heavy Plow
38:28 Hand Cart
40:44 Imperial Age
39:00 Iron Casting
42:11 Gold Shaft Mining
41:26 Stone Mining
41:49 Bow Saw
41:32 Hussar
41:34 Heavy Camel Rider
43:17 Blast Furnace
43:26 Conscription
43:07 Nomads
45:33 Elite Mangudai
47:24 Chemistry
46:45 Ballistics
46:24 Fletching
46:35 Padded Archer Armor
47:28 Stone Shaft Mining
47:58 Bodkin Arrow
48:19 Leather Archer Armor
48:35 Leather Archer Armor
48:57 Caravan
49:35 Parthian Tactics
49:16 Thumb Ring
53:22 Bracer
53:30 Siege Engineers
Dreadnaught
3:14 Loom
13:20 Feudal Age
18:38 Fletching
26:00 Castle Age
26:50 Padded Archer Armor
28:18 Gold Mining
28:33 Bodkin Arrow
28:33 Double-Bit Axe
28:39 Fishing Lines
30:40 Leather Archer Armor
36:38 Ballistics
38:01 Pikeman
41:07 Forging
43:45 Squires
43:31 Arson
48:31 Imperial Age
48:13 Iron Casting
47:39 Scale Mail Armor
49:21 Bracer
55:15 Ring Archer Armor
Yaoces
2:25 Loom
4:59 Loom
12:53 Feudal Age
13:39 Champi Runner
17:39 Castle Age
18:03 Scale Mail Armor
24:01 Forging
25:23 Chain Mail Armor
28:40 Double-Bit Axe
29:16 Fletching
31:43 Bodkin Arrow
38:09 Town Watch
44:17 Wheelbarrow
45:41 Bow Saw
45:13 Horse Collar
46:17 Gold Mining
46:19 Stone Mining
49:55 Imperial Age
50:01 Imperial Age
48:08 Iron Casting
51:05 Conscription
51:18 Hand Cart
51:04 Town Patrol
51:49 Gold Shaft Mining
51:50 Stone Shaft Mining
51:16 Heavy Plow
52:34 Butalmapu
53:16 Elite Kona
56:10 Blast Furnace
El Rey Nocturno
7:06 Loom
10:26 Feudal Age
10:57 Double-Bit Axe
10:54 Horse Collar
17:12 Wheelbarrow
20:26 Castle Age
18:25 Gold Mining
19:52 Bloodlines
19:54 Forging
20:37 Scale Barding Armor
21:25 Bow Saw
21:59 Husbandry
29:34 Chain Barding Armor
31:42 Hand Cart
36:23 Imperial Age
34:04 Fletching
34:15 Padded Archer Armor
35:07 Bodkin Arrow
37:05 Bracer
39:02 Chemistry
38:13 Thumb Ring
40:20 Ballistics
41:15 Elite Mangudai
43:21 Drill
42:59 Capped Ram
45:28 Siege Ram
[La14]FerMar
7:14 Loom
12:33 Feudal Age
13:25 Double-Bit Axe
ROMA
6:58 Loom
10:12 Feudal Age
16:10 Bloodlines
16:39 Bloodlines
25:18 Castle Age
23:58 Scale Barding Armor
24:04 Forging
25:34 Forging
28:37 Husbandry
30:22 Horse Collar
31:49 Double-Bit Axe
33:05 Chain Barding Armor
40:14 Heavy Plow
40:52 Bow Saw
43:09 Wheelbarrow
42:26 Gold Mining
43:25 Town Watch
44:11 Hand Cart
45:33 Gold Shaft Mining
48:44 Imperial Age
46:53 Iron Casting
48:23 Cavalier
49:51 Plate Barding Armor
50:16 Blast Furnace
51:29 Stone Mining
54:11 Stone Shaft Mining
54:05 Light Cavalry
[La14] Monarca Yupanqui
1:15 Loom
10:46 Feudal Age
11:48 Double-Bit Axe
12:31 Town Watch
15:49 Fletching
17:33 Padded Archer Armor
26:55 Castle Age
27:52 Bodkin Arrow
27:51 Crossbowman
28:27 Horse Collar
30:49 Thumb Ring
35:34 Stone Mining
35:34 Gold Mining
36:21 Bow Saw
42:29 Gold Mining
45:34 Heavy Plow
46:50 Wheelbarrow
46:52 Ballistics
47:50 Hand Cart
51:44 Imperial Age
50:40 Leather Archer Armor
51:54 Murder Holes
52:26 Bracer
53:30 Chemistry
53:23 Elite Skirmisher
53:23 Arbalester
54:52 Ring Archer Armor
Connection lost

Rejoining the realm…

Still unreachable

The connection could not be restored.

Session expired

The server has moved on; the page needs a fresh start.